 Dungeon Crawl Stone Soup version 0.24-a0-282-g1a68c911f0 (webtiles) character file.

Game seed: 6477527848882420457

86 HAL9000 the Sneak (level 4, 0/23 HPs)
             Began as a Vine Stalker Assassin on May 3, 2019.
             Slain by a centaur zombie (7 damage)
             ... on level 3 of the Dungeon.
             The game lasted 00:03:19 (2173 turns).

HAL9000 the Sneak (Vine Stalker Assassin)           Turns: 2173, Time: 00:03:19

Health: 0/23       AC:  3    Str: 15    XL:     4   Next: 50%
Magic:  0/5        EV: 11    Int: 11    God:
Gold:   88         SH:  3    Dex: 15    Spells: 3/3 levels left

rFire    . . .     SeeInvis .   a - +2 dagger
rCold    . . .     Gourm    .   u - +0 buckler
rNeg     . . .     Faith    .   c - +0 robe
rPois    .         Spirit   +   (no helmet)
rElec    .         Reflect  .   d - +0 cloak
rCorr    .         Harm     .   (no gloves)
MR       .....                  (no boots)
Stlth    ++++......             (no amulet)
HPRegen  0.47/turn              h - ring of stealth
MPRegen  0.09/turn              (no ring)

@: no status effects
A: fangs 2, regeneration 1, magic shield, antimagic bite, no potion heal 3, rot
immunity
a: no special abilities


You were on level 3 of the Dungeon.
You were not hungry.

You visited 1 branch of the dungeon, and saw 3 of its levels.

You collected 88 gold pieces.

Inventory:

Hand Weapons
 a - a +2 dagger (weapon)
 b - a +0 blowgun
Missiles
 e - 8 poisoned needles
 f - 2 curare-tipped needles
 n - 8 javelins (quivered)
Armour
 c - a +0 robe (worn)
 d - a +0 cloak (worn)
 u - a +0 buckler (worn)
Jewellery
 h - a ring of stealth (left hand)
Scrolls
 i - 7 scrolls of identify {unknown}
 m - a scroll of immolation {unknown}
 p - a scroll of enchant weapon {unknown}
 q - a scroll of fear {unknown}
 r - 2 scrolls of teleportation {unknown}
 t - a scroll of amnesia {unknown}
Potions
 j - a potion of mutation {unknown}
 k - a potion of lignification
 l - a potion of brilliance {unknown}
 o - a potion of might {unknown}
Comestibles
 g - 4 rations
 s - a chunk of flesh


   Skills:
 - Level 1.7 Fighting
 + Level 2.6 Short Blades
 - Level 1.7 Throwing
 - Level 0.7 Dodging
 + Level 6.8 Stealth


You had 3 spell levels left.
You didn't know any spells.
Your spell library was empty.

Dungeon Overview and Level Annotations

Branches:
Dungeon (3/15)

Altars:
Gozag


Innate Abilities, Weirdness & Mutations

You have extremely sharp teeth.
Your natural rate of healing is unusually fast.
When hurt, damage is shared between your health and your magic reserves.
Your bite disrupts and absorbs the magic of your enemies.
Potions cannot restore your health.
You are immune to rotting.


Message History

The centaur zombie is heavily damaged.
The centaur zombie hits you!
You hit the centaur zombie.
You bite the centaur zombie, but do no damage.
The centaur zombie is heavily damaged.
The centaur zombie closely misses you.
You hit the centaur zombie.
The centaur zombie is severely damaged.
The centaur zombie hits you.
You hit the centaur zombie.
The centaur zombie is severely damaged.
The centaur zombie hits you.
You hit the centaur zombie.
You bite the centaur zombie, but do no damage.
The centaur zombie is severely damaged.
You block the centaur zombie's attack.
You barely miss the centaur zombie.
The centaur zombie is severely damaged.
The centaur zombie hits you!
You die...

###########.#
#.rZ@..<....#
.#..####.########..#
.........# ### #
....#..r...........
. #.#########.#.#
... #.#.. #.# #.#.#
... #.#.##### .##
###.#.##..


You could see a centaur zombie and a rat.

Vanquished Creatures
  3 adders (D:2)
  An ooze (D:2)
  A dart slug (D:1)
  4 orcs
  2 giant cockroaches (D:1)
  11 goblins
  3 hobgoblins
  6 jackals (D:1)
  A ball python (D:1)
  3 bats
  3 frilled lizards
  5 kobolds
  4 rats
47 creatures vanquished.

Notes
Turn   | Place    | Note
-------+----------+-------------------------------------------
     0 | D:1      | HAL9000 the Vine Stalker Assassin began the quest for the
                  | Orb.
     0 | D:1      | Reached XP level 1. HP: 11/11 MP: 2/2
    46 | D:1      | Reached skill level 5 in Stealth
   132 | D:1      | Reached XP level 2. HP: 15/15 MP: 3/3
   412 | D:1      | Reached XP level 3. HP: 12/18 MP: 4/4
   721 | D:1      | Reached skill level 6 in Stealth
  1433 | D:2      | Gained mutation: Your natural rate of healing is unusually
                  | fast. [Vine Stalker growth]
  1433 | D:2      | Reached XP level 4. HP: 7/23 MP: 1/5
  1974 | D:2      | Found an opulent altar of Gozag.
  2173 | D:3      | Slain by a centaur zombie

Levels and vault maps discovered:
D:1:      lightli_arrival_noodles, layout_basic
D:2:      layout_loops_corners, grunt_gozag_breadcrumbs, first_ration
D:3:      layout_loops_ring, minmay_crystal_water

Skill      XL: |  1  2  3 |
---------------+----------+-----
Stealth        | 5 6 |  6.8
Short Blades   | 2 |  2.6
Fighting       | |  1.7
Throwing       | |  1.7
Dodging        | |  0.7

Action                   |  1- 3 |  4- 6 || total
-------------------------+-------+-------++-------
Melee: Dagger            |    89 |    49 ||   138
       Bite              |    18 |    13 ||    31
  Use: Potion            |       |     1 ||     1
 Stab: Sleeping          |    13 |     5 ||    18
  Eat: Chunk             |     2 |     2 ||     4
Armor: Robe              |    20 |     8 ||    28
       Skin              |       |     9 ||     9
Dodge: Dodged            |    50 |    14 ||    64
Block: Buckler           |       |     4 ||     4

Table legend:
 A = Non-vault XP
 B = Vault XP
 C = Vault XP percentage of total XP
 D = Non-vault monster count
 E = Vault monster count
 F = Vault count percentage of total count
                 A         B        C        D         E       F
            +---------+---------+-------+---------+---------+-------
      Total |     124 |       0 |   0.0 |      47 |       0 |   0.0
            +---------+---------+-------+---------+---------+-------
        D:1 |      47 |       0 |   0.0 |      28 |       0 |   0.0
        D:2 |      64 |       0 |   0.0 |      14 |       0 |   0.0
        D:3 |      13 |       0 |   0.0 |       5 |       0 |   0.0
            +---------+---------+-------+---------+---------+-------
